 Dungeon Crawl Stone Soup version 0.30.1-4-g462c640d31 (webtiles) character file.

Game seed: 13262466804549164754

492 Cheops the Conjurer (level 6, -1/32 HPs)
             Began as a Deep Elf Conjurer on Aug 25, 2023.
             Was an Initiate of Vehumet.
             Shot with a bolt by an orc warrior (21 damage)
             ... on level 6 of the Dungeon.
             The game lasted 00:16:20 (5560 turns).

Cheops the Conjurer (Deep Elf Conjurer)             Turns: 5560, Time: 00:16:21

Health: -1/32      AC:  3    Str:  4    XL:     6   Next: 91%
Magic:  14/24      EV: 12    Int: 25    God:    Vehumet [......]
Gold:   303        SH:  0    Dex: 13    Spells: 1/15 levels left

rFire   . . .        a - +2 dagger (flame)
rCold   . . .        (no shield)
rNeg    . . .        A - +0 robe
rPois   .            (no helmet)
rElec   .            (no cloak)
rCorr   .            (no gloves)
SInv    +            j - +0 pair of boots
Will    .....        (no amulet)
Stlth   ++           t - ring of see invisible
HPRegen 0.25/turn    p - ring of magical power
MPRegen 0.19/turn

%: no passive effects
@: no status effects
A: no striking features
a: Renounce Religion


You were on level 6 of the Dungeon.
You worshipped Vehumet.
Vehumet was noncommittal.
You visited 2 branches of the dungeon, and saw 7 of its levels.

You collected 303 gold pieces.

Inventory:

Hand Weapons
 a - a +2 dagger of flaming (weapon)
 b - a +0 short sword of speed
 B - a +2 whip of draining
Missiles
 v - a throwing net
Armour
 g - a +0 leather armour
 j - a +0 pair of boots (worn)
 A - a +0 robe (worn)
Magical Staves
 s - a staff of earth
Jewellery
 p - a ring of magical power (right hand)
 t - a ring of see invisible (left hand)
Wands
 x - a wand of charming (12)
 y - a wand of flame (29)
Scrolls
 c - 3 scrolls of vulnerability {unknown}
 e - 3 scrolls of teleportation {unknown}
 h - 3 scrolls of identify {unknown}
 m - a scroll of amnesia {unknown}
 o - a scroll of enchant weapon {unknown}
 q - a scroll of poison {unknown}
 u - 2 scrolls of fog {unknown}
 z - a scroll of magic mapping {unknown}
Potions
 d - 2 potions of lignification {unknown}
 f - 3 potions of heal wounds {unknown}
 i - a potion of invisibility {unknown}
 k - 4 potions of curing {unknown}
 l - a potion of magic
 n - 2 potions of flight {unknown}
 r - a potion of brilliance {unknown}
 w - a potion of resistance {unknown}


   Skills:
 - Level 2.4 Dodging
 - Level 2.4 Stealth
 - Level 5.0 Spellcasting
 + Level 5.9 Conjurations
 - Level 5.0 Hexes
 - Level 2.0 Summonings
 - Level 3.1 Translocations


You had one spell level left.
You knew the following spells:

 Your Spells              Type           Power      Damage    Failure   Level
a - Magic Dart            Conj           100%       1d8       1%          1
b - Searing Ray           Conj           72%        2d7       1%          2
i - Iskenderun's Mystic   Conj/Tloc      28%        2d7       13%         4
p - Fulminant Prism       Conj/Hex       16%        3d10      9%          4
C - Call Canine Familiar  Summ           16%        N/A       11%         3

Your spell library contained the following spells:

 Spells                   Type           Power      Damage    Failure   Level
 Summon Small Mammal      Summ           64%        N/A       3%          1
 Dazzling Flash           Conj/Hex       66%        N/A       2%          3
 Summon Guardian Golem    Hex/Summ       23%        N/A       6%          3


Dungeon Overview and Level Annotations

Branches:
Dungeon (6/15)             Temple (1/1) D:4

Altars:
Ashenzari
Cheibriados
Dithmenos
Elyvilon
Fedhas
Gozag
Hepliaklqana
Kikubaaqudgha
Makhleb
Nemelex Xobeh
Okawaru
Qazlal
Ru
Sif Muna
Uskayaw
Vehumet
Wu Jian
Xom
Yredelemnul
Zin
The Shining One

Shops:
D:1 *

Annotations:
D:4 1 runed translucent door, Esekla's ghost, amateur DENe
D:5 !two-headed ogre


Message History

An orc priest comes into view. It is wielding a +0 club.
Casting: Fulminant Prism (quite dangerous; 9% risk of failure)
Confirm with . or Enter, or press ? or * to list all spells.
Okay, then.
Your fulminant prism crackles loudly.
Your fulminant prism explodes!
The blast of energy engulfs the orc warrior!
The orc warrior is moderately wounded.
The blast of energy engulfs the orc wizard!!
You kill the orc wizard!
Vehumet accepts your kill.
The blast of energy engulfs the orc!!
You kill the orc!
Vehumet accepts your kill.
You hear a bark!
Casting: Fulminant Prism (quite dangerous; 9% risk of failure)
Confirm with . or Enter, or press ? or * to list all spells.
The spell is quite dangerous to miscast (9% risk of failure)!
Continue anyway?
Aiming: Fulminant Prism (quite dangerous; 9% risk of failure)
Press: ? - help, Dir - move target You conjure a prism of explosive energy!
A fulminant prism comes into view.
The orc priest looks braver for a moment.
The orc warrior shoots a bolt.
The bolt hits you!
* * * LOW HITPOINT WARNING * * *
Casting: Fulminant Prism (quite dangerous; 9% risk of failure)
Confirm with . or Enter, or press ? or * to list all spells.
Aiming: Searing Ray (safe; 1% risk of failure)
Press: ? - help, Shift-Dir - straight line, f - orc warrior
Aim: an orc warrior, wielding a +0 arbalest and wearing a +0 plate armour (moderately wounded, ally target, 81% to hit)
The searing ray hits the orc warrior.
The orc warrior is moderately wounded. (Press . to maintain the ray.)
A hound comes into view.
Your fulminant prism crackles loudly.
The searing ray hits the orc warrior!
The orc warrior is heavily wounded.
The orc warrior shoots a bolt.
The bolt hits you!!
Ouch! That really hurt!
You die...

.. #h. #)# #.o#
#..# . #*o# ..
#..## ..#
#.@###...#
##......##
##.......#
#######.........
##...........###.
#...##########
#...# ###.##
##.##


You could see an orc warrior (ally target), a hound, an orc priest and a
friendly fulminant prism.

Vanquished Creatures
  An ice beast (D:5)
  3 hounds (D:5)
  A jelly (D:6)
  2 iguanas
  3 orc wizards (D:6)
  A gnoll (D:1)
  5 adders
  3 dart slugs (D:1)
  10 orcs
  8 endoplasms
  5 giant cockroaches
  4 goblins
  5 hobgoblins
  6 jackals
  11 kobolds
  5 quokkas
  3 ball pythons
  8 bats
  6 frilled lizards
  3 rats (D:1)
93 creatures vanquished.

Vanquished Creatures (others)
  3 fulminant prisms
3 creatures vanquished.

Grand Total: 96 creatures vanquished

Notes
Turn   | Place    | Note
-------+----------+-------------------------------------------
     0 | D:1      | Cheops the Deep Elf Conjurer began the quest for the Orb.
     0 | D:1      | Reached XP level 1. HP: 10/10 MP: 6/6
   209 | D:1      | Reached skill level 5 in Conjurations
   209 | D:1      | Reached XP level 2. HP: 15/15 MP: 2/8
   469 | D:1      | Reached XP level 3. HP: 19/19 MP: 7/10
   472 | D:1      | Learned a level 2 spell: Searing Ray
   795 | D:1      | Found Ygimah's Assorted Antiques.
  1330 | D:2      | Reached skill level 5 in Spellcasting
  1498 | D:2      | Reached skill level 1 in Hexes
  1619 | D:2      | Reached XP level 4. HP: 24/24 MP: 7/13
  1650 | D:1      | Learned a level 4 spell: Fulminant Prism
  3057 | D:4      | Found a staircase to the Ecumenical Temple.
  3068 | Temple   | Entered the Ecumenical Temple
  3274 | Temple   | Became a worshipper of Vehumet
  3741 | D:4      | Found a runed translucent door.
  4057 | D:4      | Noticed Esekla's ghost (amateur DENe)
  4117 | D:5      | Entered Level 5 of the Dungeon
  4147 | D:5      | Reached XP level 5. HP: 9/28 MP: 5/14
  4152 | D:5      | Learned a level 4 spell: Iskenderun's Mystic Blast
  4260 | D:5      | Reached skill level 5 in Hexes
  4260 | D:5      | Reached skill level 1 in Translocations
  4477 | D:5      | Noticed a two-headed ogre
  4613 | D:5      | Learned a level 3 spell: Call Canine Familiar
  4664 | D:5      | Found a blossoming altar of Fedhas.
  4748 | D:5      | Noticed an ice beast
  4756 | D:5      | Killed an ice beast
  4757 | D:5      | Reached XP level 6. HP: 32/32 MP: 3/15
  4918 | D:5      | Reached skill level 1 in Summonings
  5552 | D:6      | Noticed an orc warrior
  5560 | D:6      | Shot with a bolt by an orc warrior

Illustrated notes

Levels and vault maps discovered:
D:1:      scummos_arrival_star, layout_loops_ring, serial_shops, shop
D:2:      layout_rooms, serial_corexii_hall, chequers_hall_statues_corner_a,
          corexii_hall_statues_u, chequers_hall_statues_y,
          corexii_hall_statues_s, corexii_leaking_fountain
D:3:      layout_loops_ring
D:4:      layout_cave_pods, minmay_temple_entry_mini_moons,
          ebering_ghost_reflecting_pool, chequers_serial_rivers_micro_e
D:5:      layout_rooms, mainiacjoe_overflow_boulevard, kennysheep_nub
D:6:      layout_layer_cave
Temple:   nicolae_temple_slightly_damp_pantheon

Skill      XL: |  1  2  3  4  5  6 |
---------------+-------------------+-----
Conjurations   | 5 |  5.9
Spellcasting   | 4 5 |  5.0
Hexes          | 1 4 5 |  5.0
Translocations | 3 |  3.1
Summonings     | 2 |  2.0
Dodging        | |  2.4
Stealth        | |  2.4

Action                     |  1- 3 |  4- 6 || total
---------------------------+-------+-------++-------
  Melee: Unarmed           |     1 |       ||     1
   Cast: Magic Dart        |    90 |    85 ||   175
         Searing Ray       |       |    11 ||    11
         Iskenderun's Myst |       |     3 ||     3
         Fulminant Prism   |       |     4 ||     4
 Armour: Robe              |     1 |       ||     1
         Leather armour    |       |    10 ||    10
  Dodge: Dodged            |     3 |    24 ||    27
